 Dungeon Crawl Stone Soup version 0.31.0-11-ge490571c62 (webtiles) character file.

Game seed: 9621035739681666770

67 SnakkuSnakku7 the Poker (level 4, -5/33 HPs)
             Began as a Merfolk Conjurer on Feb 1, 2024.
             Slain by an orc
             ... wielding a +0 war axe
              (8 damage)
             ... on level 3 of the Dungeon.
             The game lasted 00:02:09 (911 turns).

SnakkuSnakku7 the Poker (Merfolk Conjurer)           Turns: 911, Time: 00:02:09

Health: -5/33      AC:  2    Str:  9    XL:     4   Next: 16%
Magic:  0/7        EV: 12    Int: 17    God:
Gold:   85         SH:  0    Dex: 12    Spells: 6/7 levels left

rFire   . . .        a - +0 spear
rCold   . . .        (no shield)
rNeg    . . .        b - +0 robe
rPois   .            (no helmet)
rElec   .            (no cloak)
rCorr   .            (no gloves)
SInv    .            (no boots)
Will    .....        (no amulet)
Stlth   ++           (no ring)
HPRegen 0.25/turn    (no ring)
MPRegen 0.10/turn

%: no passive effects
@: no status effects
A: (nimble swimmer 2), mertail
a: no special abilities


You were on level 3 of the Dungeon.
You visited 1 branch of the dungeon, and saw 3 of its levels.

You collected 85 gold pieces.

Inventory:

Hand Weapons
 a - a +0 spear (weapon)
Armour
 b - a +0 robe (worn)
Jewellery
 c - a ring of positive energy
Scrolls
 f - a scroll of teleportation {unknown}
 g - a scroll of identify {unknown}
Potions
 d - a potion of might {unknown}
 e - a potion of lignification {unknown}


   Skills:
 - Level 2.0 Fighting
 + Level 4.0 Polearms
 - Level 2.6 Dodging
 - Level 2.1 Stealth
 - Level 2.0 Spellcasting
 - Level 3.2 Conjurations


You had 6 spell levels left.
You knew the following spells:

 Your Spells              Type           Power      Damage    Failure   Level
a - Magic Dart            Conj           48%        1d5       4%          1

Your spell library contained the following spells:

 Spells                   Type           Power      Damage    Failure   Level
 Searing Ray              Conj           24%        2d5       8%          2
 Sting                    Conj/Alch      28%        1d4       10%         1
 Apportation              Tloc           2%         N/A       19%         1
 Necrotise                Necr           4%         1d4       19%         1
 Summon Small Mammal      Summ           4%         N/A       19%         1
 Fulminant Prism          Conj/Alch      3%         3d5       69%         4
 Iskenderun's Mystic Bla  Conj/Tloc      7%         2d4       69%         4


Dungeon Overview and Level Annotations

Branches:
Dungeon (3/15)

Altars:

Annotations:
D:2 Natasha, Terence


Innate Abilities, Weirdness & Mutations

((You are very nimble when in or above water. (Stealth+, EV+, Speed+++)))
Your lower body shifts to a powerful aquatic tail in water.


Message History

The adder is severely wounded.
You feel sick.
You are no longer poisoned.
The adder barely misses you. The adder barely misses you.
You barely miss the adder.
The adder is severely wounded.
The adder bites you.
You miss the adder.
The adder is heavily wounded.
The adder bites you but does no damage.
You hit the adder.
The adder is almost dead.
The adder bites you but does no damage.
You hit the adder.
The adder is almost dead.
The adder barely misses you.
You hit the adder.
You kill the adder!
Your Polearms skill increases to level 4!
You hit the orc.
The orc is moderately wounded.
The orc hits you with a +0 war axe.
* * * LOW HITPOINT WARNING * * *
You hit the orc but do no damage.
The orc is moderately wounded.
The orc hits you with a +0 war axe.
* * * LOW HITPOINT WARNING * * *
Casting: Magic Dart (safe; 4% risk of failure)
Confirm with . or Enter, or press ? or * to list all spells.
Aiming: Magic Dart (safe; 4% risk of failure)
Press: ? - help, Shift-Dir - straight line, f - orc
Aim: an orc, wielding a +0 war axe and wearing a +0 ring mail (moderately wounded, 100% to hit)
The magic dart hits the orc.
The orc is heavily wounded.
The orc closely misses you.
You closely miss the orc.
The orc is heavily wounded.
The orc hits you with a +0 war axe!
You die...

### #.# #)# #.# #####
#.# ####.
.##.########.#####......
...............o@.......
?##.#####....#####.#####
.##.............. ..
.##...###.##.#### ...
.##$..#........ ###
.............<.#
.#....#....#...#
.##...#....#...# #


You could see an orc.

Vanquished Creatures
  Natasha (D:2)
  An adder (D:3)
  3 bats
  3 giant cockroaches (D:1)
  3 goblins (D:1)
  A hobgoblin (D:1)
  4 jackals (D:1)
  2 kobolds
  A quokka (D:1)
  5 ball pythons
  3 frilled lizards (D:1)
  4 rats (D:1)
31 creatures vanquished.

Notes
Turn   | Place    | Note
-------+----------+-------------------------------------------
     0 | D:1      | SnakkuSnakku7 the Merfolk Conjurer began the quest for the
                  | Orb.
     0 | D:1      | Reached XP level 1. HP: 13/13 MP: 3/3
    36 | D:1      | Reached skill level 1 in Fighting
   145 | D:1      | Reached XP level 2. HP: 16/22 MP: 0/5
   261 | D:1      | Reached skill level 1 in Polearms
   440 | D:1      | Reached skill level 2 in Polearms
   442 | D:1      | Reached XP level 3. HP: 21/27 MP: 6/6
   728 | D:2      | You fall into a shaft and drop 1 floor!
   746 | D:2      | Noticed Terence
   780 | D:2      | Noticed Natasha
   788 | D:2      | Killed Natasha
   789 | D:2      | Reached skill level 3 in Polearms
   829 | D:2      | Noticed Natasha
   861 | D:3      | Reached XP level 4. HP: 33/33 MP: 7/7
   908 | D:3      | Reached skill level 4 in Polearms
   911 | D:3      | Slain by an orc

Illustrated notes

Levels and vault maps discovered:
D:1:      amcnicky_arrival_underground_garden, layout_basic
D:2:      layout_loops_corners, minmay_misc_feat_hallway,
          uniq_crazy_yiuf_cottage, uniq_jessica, uniq_terence, uniq_natasha
D:3:      layout_basic

Skill      XL: |  1  2  3  4 |
---------------+-------------+-----
Fighting       | 1 2 |  2.0
Polearms       | 2 3 4 |  4.0
Dodging        | |  2.6
Stealth        | |  2.1
Spellcasting   | |  2.0
Conjurations   | |  3.2

Action                     |  1- 3 |  4- 6 || total
---------------------------+-------+-------++-------
  Melee: Unarmed           |    82 |       ||    82
         Punch             |     4 |       ||     4
         Spear             |    60 |    13 ||    73
   Cast: Magic Dart        |    29 |     8 ||    37
    Use: Potion            |     2 |       ||     2
   Stab: Sleeping          |     5 |       ||     5
 Armour: Robe              |    89 |    17 ||   106
  Dodge: Dodged            |   116 |    12 ||   128
